 Dungeon Crawl Stone Soup version 0.23.0-3-gf3c87f2 (webtiles) character file.

Game seed: 8676281735611107762

218 sking99 the Ruffian (level 5, -11/54 HPs)
             Began as an Ogre Transmuter on Feb 24, 2019.
             Was a Follower of Makhleb.
             Killed by divine providence
             ... invoked by an orc priest
              (17 damage)
             ... on level 4 of the Dungeon.
             The game lasted 00:06:00 (4058 turns).

sking99 the Ruffian (Ogre Transmuter)               Turns: 4058, Time: 00:06:01

Health: -11/54     AC:  2    Str: 14    XL:     5   Next: 95%
Magic:  4/8        EV: 19    Int: 15    God:    Makhleb [*.....]
Gold:   124        SH:  0    Dex: 14    Spells: 2/8 levels left

rFire    . . .     SeeInvis .     - Unarmed
rCold    . . .     Gourm    .   (shield currently unavailable)
rNeg     . . .     Faith    .   (armour currently unavailable)
rPois    x         Spirit   .   (helmet currently unavailable)
rElec    .         Reflect  .   (cloak currently unavailable)
rCorr    .         Harm     .   (gloves unavailable)
MR       .....                  (boots unavailable)
Stlth    +.........             (no amulet)
HPRegen  0.18/turn              (no ring)
MPRegen  0.11/turn              (no ring)

@: spider-form (expiring)
A: tiny, unfitting armour
a: End Transformation, Renounce Religion


You were on level 4 of the Dungeon.
You worshipped Makhleb.
Makhleb was aware of your devotion.
You were hungry.
You were a venomous arachnid creature.
You visited 1 branch of the dungeon, and saw 4 of its levels.

You collected 124 gold pieces.

Inventory:

Missiles
 a - 11 arrows
Armour
 b - a +0 robe (melded)
Jewellery
 f - an uncursed ring of see invisible {unknown}
Scrolls
 c - a scroll of enchant weapon {unknown}
 g - a scroll of immolation
 j - a scroll of magic mapping {unknown}
 m - 2 scrolls of enchant armour {unknown}
 o - a scroll of teleportation {unknown}
Potions
 e - a potion of degeneration {unknown}
 h - 2 potions of berserk rage {unknown}
 i - a potion of magic {unknown}
 k - 2 potions of might {unknown}
 l - 4 potions of curing {unknown}
 n - a potion of flight {unknown}
 q - a potion of lignification {unknown}
 r - a potion of haste {unknown}
 s - a potion of agility {unknown}
Comestibles
 d - 5 rations
 p - 3 chunks of flesh


   Skills:
 + Level 3.8 Fighting
 - Level 1.7 Dodging
 * Level 4.6 Unarmed Combat
 - Level 2.4 Spellcasting
 + Level 2.6 Transmutations
 - Level 1.0 Poison Magic


You had 2 spell levels left.
You knew the following spells:

 Your Spells              Type           Power        Failure   Level  Hunger
a - Beastly Appendage     Tmut           #.....       19%         1    #......
b - Sticks to Snakes      Tmut           #.......     26%         2    ###....
c - Spider Form           Tmut/Pois      #.........   52%         3    ###....

Your spell library contained the following spells:

 Spells                   Type           Power        Failure   Level  Hunger
 Ice Form                 Ice/Tmut       #.......     90%         4    #####..
 Blade Hands              Tmut           #.........   97%         5    ######.


Dungeon Overview and Level Annotations

Branches:
Dungeon (4/15)
 Temple: D:4-7

Altars:
Cheibriados
Fedhas
Kikubaaqudgha
Makhleb
Nemelex Xobeh
Okawaru
Vehumet
Wu Jian
Zin
The Shining One

Shops:
D:4 %


Innate Abilities, Weirdness & Mutations

You are too large for most types of armour.
((You have tough skin. (AC +1)))


Message History

Your +0 robe melds into your body.
The bullfrog skeleton misses you.
You hit the orc priest.
The orc priest is poisoned.
The orc priest is lightly wounded.
The bullfrog skeleton closely misses you.
The orc priest calls down the wrath of Beogh upon you.
Beogh smites you!
You hit the orc priest.
The orc priest is heavily wounded.
The bullfrog skeleton hits you. The orc priest misses you.
The bullfrog skeleton hits you.
You hit the orc priest but do no damage.
The orc priest looks as sick as possible!
The orc priest is heavily wounded.
The orc priest hits you with a +0 flail!
* * * LOW HITPOINT WARNING * * *
The bullfrog skeleton misses you.
Your transformation is almost over.
The orc priest calls down the wrath of Beogh upon you.
Beogh smites you!
You die...

........#..) ..#
#..##...#..######
...#
#[###...#..##...##..#
#..##..##..##.......#
#..###'##..##.......#
#..##......##...# ..#
#..##......##...##..#
...##..##...........#
.<.##########..)s...#
.......##..##.)Z##..#
##+##......##..o# ..#
#..##.......#.....
...
....#.......#......
...
...###+##..###..##...
.. ...##..##..######
..# . .............#
.# .............# #


You could see an orc priest and a bullfrog skeleton.

Vanquished Creatures
  An orc wizard (D:4)
  Natasha (twice) (D:3)
  Jessica (D:3)
  2 adders (D:3)
  An ooze (D:3)
  2 worms (D:3)
  2 dart slugs (D:1)
  2 leopard geckos
  14 orcs
  A ball python (D:3)
  5 bats
  5 giant cockroaches
  7 goblins
  4 hobgoblins
  4 kobolds
  3 quokkas
  5 frilled lizards
  5 rats
66 creatures vanquished.

Notes
Turn   | Place    | Note
-------+----------+-------------------------------------------
     0 | D:1      | sking99 the Ogre Transmuter began the quest for the Orb.
     0 | D:1      | Reached XP level 1. HP: 19/19 MP: 3/3
   325 | D:1      | Reached skill level 3 in Unarmed Combat
   325 | D:1      | Reached XP level 2. HP: 25/28 MP: 5/5
   333 | D:1      | Learned a level 2 spell: Sticks to Snakes
  1248 | D:2      | Found a blossoming altar of Fedhas.
  1327 | D:2      | Found a burning altar of Makhleb.
  1332 | D:2      | Found a radiant altar of Vehumet.
  1334 | D:2      | Found a glowing silver altar of Zin.
  1334 | D:2      | Found an ornate altar of the Wu Jian Council.
  1335 | D:2      | Found an ancient bone altar of Kikubaaqudgha.
  1346 | D:2      | Reached XP level 3. HP: 28/36 MP: 6/6
  1437 | D:2      | Became a worshipper of Makhleb the Destroyer
  1735 | D:2      | Learned a level 3 spell: Spider Form
  2041 | D:2      | Found a glowing golden altar of the Shining One.
  2319 | D:3      | Noticed Jessica
  2324 | D:3      | Killed Jessica
  2324 | D:3      | Reached XP level 4. HP: 44/44 MP: 3/7
  2536 | D:3      | Reached skill level 1 in Poison Magic
  2745 | D:3      | Reached skill level 4 in Unarmed Combat
  3108 | D:3      | Noticed Natasha
  3114 | D:3      | Killed Natasha
  3114 | D:3      | Reached XP level 5. HP: 47/53 MP: 4/8
  3142 | D:3      | Noticed Natasha
  3150 | D:3      | Killed Natasha
  3411 | D:3      | Found a sparkling altar of Nemelex Xobeh.
  3411 | D:3      | Found a snail-covered altar of Cheibriados.
  3546 | D:3      | Reached * piety under Makhleb
  3845 | D:4      | Found an iron altar of Okawaru.
  3878 | D:4      | Found Naut's Food Boutique.
  4058 | D:4      | Killed from afar by an orc priest

Skill      XL: |  1  2  3  4 |
---------------+-------------+-----
Unarmed Combat | 3 4 |  4.6
Fighting       | 2 3 |  3.8
Transmutations | 2 |  2.6
Poison Magic   | 1 |  1.0
Dodging        | |  1.7
Spellcasting   | |  2.4

Action                   |  1- 3 |  4- 6 || total
-------------------------+-------+-------++-------
Melee: Unarmed           |   135 |   130 ||   265
       Headbutt          |     1 |       ||     1
       Punch             |     1 |       ||     1
       Kick              |     2 |       ||     2
 Cast: Beastly Appendage |     4 |       ||     4
       Spider Form       |     1 |    12 ||    13
       Sticks to Snakes  |       |     1 ||     1
  Use: Scroll            |       |     1 ||     1
  Eat: Chunk             |     5 |     6 ||    11
Armor: Robe              |    58 |    12 ||    70
       Skin              |       |     3 ||     3
Dodge: Dodged            |   111 |    74 ||   185
